 Dungeon Crawl Stone Soup version 0.22-a0-348-gd16d139 (webtiles) character file.

123977 b5mith the Peltast (level 16, -1/152 HPs)
             Began as a Minotaur Berserker on Apr 10, 2018.
             Was the Champion of Trog.
             Slain by a halazid warlock (17 damage)
             ... on level 1 of the Elven Halls.
             The game lasted 01:26:18 (26015 turns).

b5mith the Peltast (Minotaur Berserker)            Turns: 26015, Time: 01:26:19

Health: -1/152     AC: 18    Str: 31    XL:     16   Next: 38%
Magic:  15/15      EV: 22    Int:  4    God:    Trog [******]
Gold:   1091       SH: 20    Dex: 15    Spells: 15/15 levels left

rFire    x . .     SeeInvis .   a - +12 scimitar of Incongruity {slice, +Rage +Fly rPois Int+2}
rCold    + . .     Gourm    .   N - +2 shield {AC+3}
rNeg     . . .     Faith    .   y - +1 leather armour of Untruth {Dex+4 Slay+3}
rPois    +         Spirit   .   (helmet restricted)
rElec    +         Reflect  +   m - +2 cloak
rCorr    .         Harm     .   S - +2 pair of gloves of Xom's Envy {MR+}
MR       ++++.                  L - +1 pair of boots
Stlth    +.........             P - +3 amulet of reflection
HPRegen  0.35/turn              Q - +3 ring of strength
MPRegen  0.14/turn              O - ring "Usteekh" {Ice rElec rPois MR++ Int-2}

@: berserk cooldown, slowed, drained, very slow
A: retaliatory headbutt, horns 2, talons 1
a: Berserk, Trog's Hand, Brothers in Arms, Renounce Religion, Evoke Berserk
Rage, Evoke Flight


You were on level 1 of the Elven Halls.
You worshipped Trog.
Trog was exalted by your worship.
You were very hungry.

You visited 4 branches of the dungeon, and saw 24 of its levels.
You also visited: Ice Cave and Desolation.

You collected 2525 gold pieces.
You spent 1434 gold pieces at shops.

Inventory:

Hand Weapons
 a - the +12 scimitar of Incongruity (weapon) {slice, +Rage +Fly rPois Int+2}
   (Trog gifted it to you on level 9 of the Dungeon)

   It inflicts extra damage upon your enemies.
   It affects your intelligence (+2).
   It protects you from poison.
   It lets you fly.
   It lets you go berserk.
 b - a +0 hunting sling
   (You took it off Joseph on level 8 of the Dungeon)
Missiles
 A - 20 tomahawks (quivered)
 I - 54 sling bullets
Armour
 m - a +2 cloak (worn)
   (You found it on level 3 of the Dungeon)
 y - the +1 leather armour of Untruth (worn) {Dex+4 Slay+3}
   (You found it on level 7 of the Dungeon)

   It affects your dexterity (+4).
   It affects your accuracy and damage with ranged weapons and melee attacks
   (+3).
 C - the +0 ring mail of Gifitt {rN+ Int+3 Dex+5}
   (You bought it in a shop on level 2 of the Orcish Mines)

   It affects your intelligence (+3).
   It affects your dexterity (+5).
   It protects you from negative energy.
 G - +0 fire dragon scales
   (You found it on level 6 of the Lair of Beasts)
 L - a +1 pair of boots (worn)
   (You found it on level 2 of the Lair of Beasts)
 N - a +2 shield of protection (worn)
   (You took it off a tengu warrior on level 14 of the Dungeon)
 S - the +2 pair of gloves of Xom's Envy (worn) {MR+}
   (You bought it in a shop on level 10 of the Dungeon)

   It affects your resistance to hostile enchantments.
Jewellery
 f - the ring "Upha" {Dex+3 Stlth+}
   (You acquired it on level 2 of the Orcish Mines)

   [ring of stealth]

   It affects your dexterity (+3).
   It makes you more stealthy.
 o - an uncursed ring of positive energy
   (You found it on level 4 of the Lair of Beasts)
 O - the ring "Usteekh" (right hand) {Ice rElec rPois MR++ Int-2}
   (You found it on level 13 of the Dungeon)

   [ring of ice]

   It enhances your ice magic.
   It affects your intelligence (-2).
   It makes you vulnerable to fire.
   It protects you from cold.
   It insulates you from electricity.
   It protects you from poison.
   It affects your resistance to hostile enchantments.
 P - a +3 amulet of reflection (around neck)
   (You found it on level 3 of the Lair of Beasts)
 Q - a +3 ring of strength (left hand)
   (You found it on level 12 of the Dungeon)
 V - the ring "Misag" {rPois rN+}
   (You found it on level 6 of the Lair of Beasts)

   [ring of poison resistance]

   It protects you from poison.
   It protects you from negative energy.
 X - an uncursed ring of protection from fire
   (You found it on level 15 of the Dungeon)
 Y - the ring of Buschyav {rCorr *Slow rElec Dex+2 SInv}
   (You found it on level 4 of the Lair of Beasts)

   [ring of resist corrosion]

   It affects your dexterity (+2).
   It insulates you from electricity.
   It lets you see invisible.
   It may slow you when you take damage.
Wands
 d - a wand of paralysis (4)
   (You took it off Maurice on level 8 of the Dungeon)
 e - a wand of clouds (7)
   (You found it on level 12 of the Dungeon)
 p - a wand of disintegration (43)
   (You found it on level 4 of the Dungeon)
 q - a wand of flame (82)
   (You found it on level 3 of the Lair of Beasts)
 M - a wand of random effects (27)
   (You found it on level 9 of the Dungeon)
 R - a wand of scattershot (10)
   (You took it off a wight on level 10 of the Dungeon)
 Z - a wand of iceblast (12)
   (You found it on level 15 of the Dungeon)
Scrolls
 h - 11 scrolls of remove curse {@r2}
 i - 5 scrolls of identify {@r1}
 l - 4 scrolls of enchant armour
 t - 2 scrolls of magic mapping
 v - a scroll of acquirement
 x - a scroll of fear
 z - a scroll of summoning
 D - a scroll of enchant weapon
 F - 6 scrolls of teleportation
 H - 2 scrolls of blinking
 K - a scroll of brand weapon {unknown}
Potions
 j - 10 potions of curing {@q1}
 k - 5 potions of resistance
 n - 2 potions of flight
 r - 5 potions of might
 s - a potion of magic {unknown}
 u - 2 potions of haste
 w - 2 potions of brilliance
 B - a potion of experience {unknown}
 E - 2 potions of lignification
 J - a potion of invisibility {unknown}
 T - a potion of mutation {unknown}
 U - a potion of agility {unknown}
 W - a potion of ambrosia {unknown}
Comestibles
 c - 22 rations
 g - 9 chunks of flesh


   Skills:
 + Level 16.5(15.5) Fighting
 - Level 14.1(13.2) Long Blades
 + Level 14.7(13.7) Armour
 + Level 15.0(14.0) Dodging
 - Level 16.6(15.6) Shields


You had 15 spell levels left.
You didn't know any spells.

Dungeon Overview and Level Annotations

Branches:
Dungeon (15/15)            Temple (0/1) D:4            Lair (6/6) D:11
 Shoals (0/4) Lair:2        Snake (0/4) Lair:2        Slime (0/5) Lair:5
    Orc (2/2) D:12            Elf (1/3) Orc:2        Vaults (0/5) D:14
 Depths (0/5) D:15

Altars:
Cheibriados
Dithmenos
Nemelex Xobeh
Qazlal
Trog
Uskayaw
Wu Jian
The Shining One
Beogh
Jiyva

Shops:
D:6 *   D:7 [   D:8 *   D:10 *   D:12 (   Orc:2 ??[*:


Innate Abilities, Weirdness & Mutations

You reflexively headbutt those who attack you in melee.
You have a pair of horns on your head.
You have sharp toenails.


Message History

* * * LOW HITPOINT WARNING * * *
Welcome back to the Elven Halls!
The saltling dissolves into shadows!
The ragged hierophant dissolves into shadows!
The saltling dissolves into shadows! x2
The peacekeeper dissolves into shadows!
The molten gargoyle dissolves into shadows!
There is a collapsed entrance, spattered with blood here.
You slash the halazid warlock!
Your headbutt misses the halazid warlock.
The halazid warlock is moderately damaged.
You block the halazid warlock's attack.
The halazid warlock completely misses you.
You riposte.
You hit the halazid warlock. You headbutt the halazid warlock.
The halazid warlock is moderately damaged.
You block the ragged hierophant's attack.
The ironbrand convoker hits you with a mace of protection.
* * * LOW HITPOINT WARNING * * *
You slice the halazid warlock!!
Your headbutt misses the halazid warlock.
The halazid warlock is almost destroyed.
You block the halazid warlock's attack.
The halazid warlock mumbles some strange words.
The ragged hierophant casts a spell at you.
A blast of power from the earth strikes you!
The ironbrand convoker closely misses you.
You slice the halazid warlock!!
You destroy the halazid warlock!
Trog accepts your kill.
Trog appreciates your killing of a magic user.
The orc sorcerer dissolves into shadows!
You block the halazid warlock's attack.
You block the ragged hierophant's attack.
You block the ironbrand convoker's attack.
You slice the halazid warlock!! You headbutt the halazid warlock!
The halazid warlock is severely damaged.
You block the halazid warlock's attack.
You block the ragged hierophant's attack.
The ironbrand convoker misses you.
You riposte.
You hit the ironbrand convoker.
You headbutt the ironbrand convoker, but do no damage.
The ironbrand convoker is lightly wounded.
The halazid warlock points at you and mumbles some strange words.
The bolt of negative energy hits you!
You feel drained.
* * * LOW HITPOINT WARNING * * *
You hit the halazid warlock. You headbutt the halazid warlock.
The halazid warlock is severely damaged.
You block the ragged hierophant's attack.
The halazid warlock touches you.
* * * LOW HITPOINT WARNING * * *
You writhe in agony.
You die...

#.####### #.......######
#...........# #...........#
#...##§##...###
#..§.§...#....#
#§.§§....#.# #.§@§.#..#.#
#§Lpp.#..#.#
....§......#.###
#...###.##......#
#.?...........#.# #
.......$.....###.# .# ..#
.######.####.#### .#
#................#.......#
.#
##...............##.##.##.#


You could see a ragged hierophant, a halazid warlock and an ironbrand convoker.

Vanquished Creatures
  The ghost of Rulkes the Warrior, a journeyman GrFi of Makhleb (Orc:2)
  A halazid warlock (Elf:1)
  A fire dragon (Lair:6)
  A yaktaur captain (D:13)
  4 ragged hierophants (Desolation)
  3 vault guards (D:14)
  7 centaur warriors
  A servant of whispers (Elf:1)
  14 hydras
  Erica (D:8)
  A death knight (D:14)
  9 two-headed ogres
  3 dancing weapons (Elf:1)
  2 tengu warriors (D:14)
  5 orc high priests
  2 skeletal warriors (D:15)
  A fire crab (Lair:6)
  A spark wasp zombie (D:15)
  2 unseen horrors
  A flayed ghost (D:15)
  A deep elf archer (D:13)
  A necromancer (D:15)
  Pikel (D:4)
  18 deep elf magi
  3 orc sorcerers
  4 orc knights
  A manticore (D:15)
  A fire giant zombie (D:15)
  16 ugly things
  A wolf spider (D:13)
  A cyclops (D:13)
  Maurice (D:8)
  3 elephants (Lair:5)
  A guardian serpent (Desolation)
  An ice statue (IceCv)
  13 black mambas
  A merfolk siren (Lair:2)
  3 molten gargoyles (Lair:6)
  A centaur zombie (D:13)
  15 spiny frogs
  Joseph (D:8)
  4 centaur skeletons
  6 gargoyles
  2 efreet
  A rime drake (Lair:6)
  6 kobold demonologists
  A freezing wraith (D:15)
  A spriggan skeleton (D:15)
  6 komodo dragons
  3 yaktaurs
  A tengu conjurer (D:14)
  7 polar bears (IceCv)
  3 merfolk
  Prince Ribbit (D:8)
  4 meliai
  7 trolls
  9 slime creatures
  5 saltlings
  7 blink frogs
  8 hippogriffs
  6 dream sheep (Lair:6)
  An air elemental (Elf:1)
  9 wyverns
  A spriggan (D:8)
  2 fire elementals (Elf:1)
  3 vampires
  A water elemental (Elf:1)
  An ice dragon skeleton (D:15)
  A wraith (D:15)
  61 yaks
  3 steam dragons
  4 vampire mosquitoes
  Eustachio (D:6)
  6 basilisks
  6 hungry ghosts
  Edmund (D:4)
  2 soldier ants
  3 wargs
  3 acid dragons
  6 hell hounds
  A soldier ant (shapeshifter) (Elf:1)
  Duvessa (D:5)
  16 orc warriors
  11 water moccasins
  13 porcupines
  4 black bears
  5 ice beasts
  5 sky beasts
  A slave (D:4)
  A phantom (D:9)
  37 wolves
  An eye of draining (D:13)
  12 ogres
  12 centaurs
  18 crocodiles
  9 big kobolds
  22 bullfrogs
  An earth elemental (Elf:1)
  2 gnoll sergeants
  Dowan (D:5)
  2 scorpions
  A water moccasin skeleton (D:7)
  12 killer bees (D:9)
  A killer bee (shapeshifter) (D:15)
  9 wights
  6 howler monkeys
  3 bullfrog zombies
  5 lava snakes (Lair:6)
  10 crimson imps
  24 orc priests
  A jelly (D:10)
  2 quasits (D:10)
  6 hounds
  An iron imp (D:6)
  8 worker ants
  5 iguanas
  28 orc wizards
  4 hell rats (Lair:4)
  2 hound skeletons
  Robin (D:3)
  2 howler monkey skeletons
  11 adders
  8 gnolls
  11 river rats
  5 shadow imps
  An ooze (D:1)
  An adder zombie (D:5)
  An adder skeleton (D:4)
  A worm (D:2)
  6 leopard geckos
  58 orcs
  3 ball pythons
  5 bats
  7 giant cockroaches
  14 goblins
  7 hobgoblins
  8 jackals
  32 kobolds
  2 quokkas
  4 frilled lizards
  A goblin skeleton (D:6)
  A hobgoblin zombie (D:6)
  3 kobold skeletons (D:6)
  A kobold zombie (D:6)
  A leopard gecko zombie (D:6)
  An orc skeleton (D:6)
  An orc zombie (D:6)
  A quokka zombie (D:8)
  9 rats
  2 fungi
  A plant (Lair:6)
865 creatures vanquished.

Vanquished Creatures (others)
  A basilisk (D:13)
  An orc (D:3)
  A goblin (D:3)
  19 fungi
  22 plants
44 creatures vanquished.

Grand Total: 909 creatures vanquished

Notes
Turn   | Place    | Note
-------+----------+-------------------------------------------
     0 | D:1      | b5mith the Minotaur Berserker began the quest for the Orb.
     0 | D:1      | Reached XP level 1. HP: 19/19 MP: 0/0
   140 | D:1      | HP: 1/20 [leopard gecko (2)]
   483 | D:1      | Reached XP level 2. HP: 22/27 MP: 1/1
   843 | D:1      | Reached XP level 3. HP: 32/34 MP: 2/2
   853 | D:1      | Reached ** piety under Trog
  2005 | D:3      | Reached XP level 4. HP: 41/41 MP: 3/3
  2033 | D:3      | Reached skill level 5 in Fighting
  2033 | D:3      | Reached skill level 5 in Long Blades
  2072 | D:3      | Noticed Robin
  2566 | D:3      | Reached XP level 5. HP: 48/48 MP: 4/4
  2588 | D:3      | Killed Robin
  2589 | D:3      | Found a stormy altar of Qazlal.
  2592 | D:3      | Reached *** piety under Trog
  2814 | D:4      | Noticed Edmund
  2826 | D:4      | Killed Edmund
  2826 | D:4      | Reached XP level 6. HP: 46/58 MP: 5/5
  3507 | D:4      | Noticed a slave
  3509 | D:4      | Noticed Pikel
  3513 | D:4      | Noticed a slave
  3516 | D:4      | Noticed a slave
  3520 | D:4      | Killed a slave
  3533 | D:4      | Killed Pikel
  3533 | D:4      | Reached XP level 7. HP: 64/69 MP: 6/6
  3678 | D:4      | Found a staircase to the Ecumenical Temple.
  3710 | D:5      | Entered Level 5 of the Dungeon
  3712 | D:5      | Found a bloodstained altar of Trog.
  3718 | D:5      | Noticed Dowan
  3719 | D:5      | Noticed Duvessa
  3727 | D:5      | Killed Dowan
  3727 | D:5      | Reached XP level 8. HP: 65/75 MP: 7/7
  3739 | D:5      | Killed Duvessa
  4057 | D:5      | Found a snail-covered altar of Cheibriados.
  4069 | D:5      | Reached **** piety under Trog
  4305 | D:5      | Found a sparkling altar of Nemelex Xobeh.
  4746 | D:6      | Found Ytuwn's Assorted Antiques.
  4810 | D:6      | Noticed a hippogriff
  4821 | D:6      | Killed a hippogriff
  4840 | D:6      | Noticed Eustachio
  4885 | D:6      | Killed Eustachio
  5025 | D:6      | Reached XP level 9. HP: 78/85 MP: 8/8
  5044 | D:6      | Reached skill level 10 in Long Blades
  5119 | D:6      | Reached skill level 10 in Fighting
  5301 | D:6      | Reached skill level 5 in Armour
  5465 | D:6      | Found a glowing golden altar of the Shining One.
  5858 | D:7      | Found Xiutwim's Armour Emporium.
  5865 | D:7      | Got a bloodstained leather armour
  5866 | D:7      | Identified the +1 leather armour of Untruth {Dex+4 Slay+3} (You found it on level 7 of the Dungeon)
  5921 | D:7      | Reached skill level 5 in Dodging
  5932 | D:7      | Reached ***** piety under Trog
  5979 | D:7      | Found an ornate altar of the Wu Jian Council.
  5979 | D:7      | Found a hide-covered altar of Uskayaw.
  6294 | D:8      | Noticed Erica
  6308 | D:8      | Killed Erica
  6308 | D:8      | Reached XP level 10. HP: 95/95 MP: 9/9
  6695 | D:8      | Noticed Maurice
  6702 | D:8      | Paralysed by Maurice for 4 turns
  6710 | D:8      | Paralysed by something for 3 turns
  6724 | D:8      | Killed Maurice
  6786 | D:8      | Noticed Prince Ribbit
  6796 | D:8      | Killed Prince Ribbit
  6812 | D:8      | Found Zuwk's Assorted Antiques.
  6994 | D:8      | Noticed Joseph
  7006 | D:8      | Killed Joseph
  7277 | D:9      | Received a gift from Trog
  7290 | D:9      | Got a warped scimitar {god gift}
  7328 | D:9      | Identified the +12 scimitar of Incongruity {slice, +Rage +Fly rPois Int+2} (Trog gifted it to you on level 9 of the Dungeon)
  7487 | D:9      | Noticed a two-headed ogre
  7494 | D:9      | Killed a two-headed ogre
  7560 | D:9      | Reached XP level 11. HP: 70/105 MP: 10/10
  7846 | D:9      | You fall through a shaft for 2 floors!
  7905 | D:11     | Found a staircase to the Lair.
  7905 | D:11     | Noticed a cyan ugly thing
  7912 | D:11     | Killed a cyan ugly thing
  8643 | D:12     | Noticed an orc knight
  8654 | D:12     | Killed an orc knight
  8655 | D:12     | Found Vimooloa's Weapon Shoppe.
  8663 | D:12     | Found a staircase to the Orcish Mines.
  9035 | D:12     | Found a labyrinth entrance.
  9385 | D:13     | Noticed a centaur warrior
  9394 | D:13     | Killed a centaur warrior
  9729 | D:13     | Noticed a deep elf mage
  9737 | D:13     | Killed a deep elf mage
  9805 | D:14     | Noticed a two-headed ogre
  9810 | D:14     | Killed a two-headed ogre
 10400 | D:14     | Noticed a green ugly thing
 10400 | D:14     | Noticed a green ugly thing
 10400 | D:14     | Noticed a green ugly thing
 10401 | D:14     | Noticed a green ugly thing
 10406 | D:14     | Killed a green ugly thing
 10409 | D:14     | Killed a green ugly thing
 10414 | D:14     | Killed a purple ugly thing
 10417 | D:14     | Killed a purple ugly thing
 10454 | D:14     | Reached XP level 12. HP: 81/116 MP: 11/11
 10464 | D:14     | Noticed a death knight
 10473 | D:14     | Killed a death knight
 10562 | D:14     | Noticed a two-headed ogre
 10565 | D:14     | Killed a two-headed ogre
 10565 | D:14     | Reached skill level 10 in Dodging
 10635 | D:14     | Reached ****** piety under Trog
 10685 | D:14     | Received a gift from Trog
 10837 | D:14     | Noticed a tengu warrior
 10844 | D:14     | Killed a tengu warrior
 10846 | D:14     | Noticed a tengu warrior
 10856 | D:14     | Killed a tengu warrior
 11060 | D:14     | Reached skill level 1 in Shields
 11074 | D:14     | Noticed a vault guard
 11327 | D:14     | Noticed a vault guard
 11338 | D:14     | Killed a vault guard
 11384 | D:14     | Killed a vault guard
 11405 | D:14     | Found a gate to the Vaults.
 11405 | D:14     | Noticed a vault guard
 11411 | D:14     | Killed a vault guard
 11411 | D:14     | Reached skill level 5 in Shields
 11849 | D:15     | Entered Level 15 of the Dungeon
 11945 | D:10     | Entered Level 10 of the Dungeon
 12015 | D:10     | Noticed a two-headed ogre
 12021 | D:10     | Killed a two-headed ogre
 12021 | D:10     | Reached skill level 10 in Armour
 12021 | D:10     | Reached XP level 13. HP: 108/125 MP: 12/12
 12498 | D:10     | Received a gift from Trog
 12582 | D:10     | Found Myer's General Store.
 12590 | D:10     | Bought the +2 pair of gloves of Xom's Envy {MR+} for 406 gold pieces
 14242 | D:13     | Found the +10 Black Knight's horse barding {ponderous, rPois rN+}
 14286 | D:13     | Reached skill level 10 in Shields
 14518 | D:13     | Got a vibrating ivory ring
 14529 | D:13     | Identified the ring "Usteekh" {Ice rElec rPois MR++ Int-2} (You found it on level 13 of the Dungeon)
 14644 | D:13     | Got a fine robe
 14658 | D:13     | Identified the +1 robe of the Buccaneer {rElec Regen+ Int-5 Dex+5} (You found it on level 13 of the Dungeon)
 14658 | D:13     | Lost intelligence.
 15460 | D:15     | Found a shadowy altar of Dithmenos.
 15478 | D:15     | Reached XP level 14. HP: 118/133 MP: 13/13
 15575 | D:15     | Found a staircase to the Depths.
 15579 | D:15     | Received a gift from Trog
 16384 | Lair:1   | Entered Level 1 of the Lair of Beasts
 17219 | Lair:2   | Found a staircase to the Snake Pit.
 17487 | Lair:2   | Received a gift from Trog
 17999 | Lair:2   | Found a staircase to the Shoals.
 18295 | Lair:3   | Reached skill level 15 in Fighting
 18878 | Lair:3   | Received a gift from Trog
 19343 | Lair:4   | Reached XP level 15. HP: 141/141 MP: 14/14
 19690 | Lair:4   | Got a glittering pewter ring
 19692 | Lair:4   | Identified the ring of Buschyav {rCorr *Slow rElec Dex+2 SInv} (You found it on level 4 of the Lair of Beasts)
 20352 | Lair:5   | Reached skill level 15 in Shields
 20477 | Lair:5   | Found a viscous altar of Jiyva.
 20477 | Lair:5   | Found a staircase to the Slime Pits.
 20931 | Lair:6   | Entered Level 6 of the Lair of Beasts
 21121 | Lair:6   | Received a gift from Trog
 21745 | Lair:6   | Got a coiled turquoise ring
 22328 | Lair:6   | Identified the ring "Misag" {rPois rN+} (You found it on level 6 of the Lair of Beasts)
 22359 | Lair:6   | Found a large runed door.
 22361 | Lair:6   | Found a large runed door.
 23113 | Orc:1    | Entered Level 1 of the Orcish Mines
 23153 | Orc:1    | Found a roughly hewn altar of Beogh.
 23195 | Orc:1    | Received a gift from Trog
 23368 | Orc:1    | Found a frozen archway.
 23463 | IceCv    | Entered an ice cave
 23837 | IceCv    | Received a gift from Trog
 24286 | Orc:2    | Entered Level 2 of the Orcish Mines
 24286 | Orc:2    | Found a staircase to the Elven Halls.
 24303 | Orc:2    | Found Peurem's Book Boutique.
 24472 | Orc:2    | Noticed Rulkes's ghost (journeyman GrFi)
 24496 | Orc:2    | Killed Rulkes's ghost
 24496 | Orc:2    | Reached XP level 16. HP: 108/151 MP: 15/15
 24517 | Orc:2    | HP: 5/226 [orc priest/divine providence (17)]
 24523 | Orc:2    | HP: 4/151 [poisoned by Rulkes's ghost]
 25273 | Orc:2    | Gained mutation: You have sharp toenails. [a neqoxec]
 25383 | Orc:2    | Found Garhoej's Magic Scroll Shoppe.
 25383 | Orc:2    | Found Iplu's Assorted Antiques.
 25383 | Orc:2    | Found Xicepueq's Antique Armour Emporium.
 25390 | Orc:2    | Found Raamaiw's Magic Scroll Shoppe.
 25392 | Orc:2    | Bought a scroll of blinking for 97 gold pieces
 25392 | Orc:2    | Bought a scroll of teleportation for 39 gold pieces
 25392 | Orc:2    | Bought a scroll of acquirement for 676 gold pieces
 25396 | Orc:2    | Bought a shimmering ring mail for 216 gold pieces
 25406 | Orc:2    | Identified the +0 ring mail of Gifitt {rN+ Int+3 Dex+5} (You bought it in a shop on level 2 of the Orcish Mines)
 25432 | Orc:2    | Got a brightly glowing tin ring
 25433 | Orc:2    | Identified the ring "Upha" {Dex+3 Stlth+} (You acquired it on level 2 of the Orcish Mines)
 25587 | Elf:1    | Entered Level 1 of the Elven Halls
 25671 | Elf:1    | Received a gift from Trog
 25908 | Elf:1    | Found a ruined gateway.
 25938 | Desolati | Entered the Desolation of Salt
 26003 | Desolati | Reached skill level 15 in Dodging
 26015 | Elf:1    | Slain by a halazid warlock

Vault maps used:
D:1:      dpeg_arrival_ternary, st_stairs_10
D:3:      grunt_qazlal_clouds, first_ration, uniq_robin
D:4:      minmay_temple_entry_nine_rooms, uniq_pikel, uniq_edmund
D:5:      kennysheep_little_box, cheibriados_altar_1, bloody_trog, uniq_duvessa
D:6:      kennysheep_six_static_rooms, nicolae_tso_besieged_by_evil,
          serial_shops, nicolae_shop_overgrown_old_shop, hex_medium,
          moated_statue, minivault_1, uniq_eustachio
D:7:      amethyst_overflow_temple_binary, serial_shops, shop
D:8:      serial_shops, kennysheep_mini, grunt_pizzeria, uniq_maurice,
          uniq_joseph, uniq_erica, uniq_prince_ribbit1
D:9:      kennysheep_boxes
D:10:     serial_shops, nicolae_shop_crystal
D:11:     minmay_lair_entry_lava
D:12:     orc_david_3, lab_entry_generic
D:13:     minmay_the_grid_triangle_9x9_rhombus_full, minmay_misc_feat_encased
D:14:     grunt_vaults_entry_fortified, infiniplex_staircase_door_maze
D:15:     gammafunk_depths_entry_grave, basic_altar, hangedman_decor_riveting,
          hangedman_abyss_or_decor_stagger
Lair:2:   beast_lair_carwin_large_3, elwin_shoals_entry_stream,
          dummy_snake_entry
Lair:3:   nzn_random_ring
Lair:4:   kennysheep_abandoned_house
Lair:5:   slime_altar_1, guppyfry_lair_drakes, grunt_megastairs_2
Lair:6:   cheibrodos_lair_end_hotspot, serial_bayou_shore_b
Orc:1:    basic_altar, portal_ice_cave_entry_pillars_1
Orc:2:    st_orc_mages, serial_shops, shop_statue, nicolae_orc_flooded_monolith
Elf:1:    eino_elf_arrival_shootout, portal_desolation_entry_nicolae_nacl,
          minmay_elf_necromancy, st_stairs_3, minivault_11, kb_rosetta
IceCv:    ice_cave_caverns_02

Skill      XL: |  1  2  3  4  5  6  7  8  9 10 11 12 13 14 15 16 |
---------------+-------------------------------------------------+-----
Fighting       | 4 5 6 8 9 11 12 13 14 15 16 | 16.5
Long Blades    | 4 5 6 8 9 11 12 14 | 14.1
Armour         | 4 5 7 10 11 13 14 | 14.7
Dodging        | 4 6 8 9 11 12 13 14 15 | 15.0
Shields        | 6 11 14 16 | 16.6

Action                   |  1- 3 |  4- 6 |  7- 9 | 10-12 | 13-15 | 16-18 || total
-------------------------+-------+-------+-------+-------+-------+-------++-------
Melee: Falchion          |   124 |   144 |   243 |     1 |       |       ||   512
       Headbutt          |    14 |    25 |    65 |    83 |   322 |    49 ||   558
       Scimitar          |       |       |       |   324 |  1014 |   137 ||  1475
       Hunting sling     |       |       |       |       |     1 |       ||     1
 Fire: Hunting sling     |       |       |       |    10 |   259 |     9 ||   278
Throw: Throwing net      |       |       |     2 |       |       |       ||     2
Invok: Berserk           |       |     2 |     3 |     2 |     5 |     1 ||    13
 Abil: Evoke Flight      |       |       |       |     1 |       |       ||     1
Evoke: Wand              |       |       |     2 |       |       |       ||     2
  Use: Scroll            |       |       |     4 |    15 |    12 |     3 ||    34
       Potion            |       |       |       |     3 |     4 |     3 ||    10
 Stab: Sleeping          |       |       |       |     1 |     2 |       ||     3
       Distracted        |       |       |       |       |     1 |       ||     1
  Eat: Chunk             |     4 |     5 |     9 |    17 |    38 |     5 ||    78
       Ration            |       |       |     1 |     1 |     2 |       ||     4
Armor: Animal skin       |     3 |       |       |       |       |       ||     3
       Ring mail         |    36 |    48 |    68 |       |       |       ||   152
       Leather armour    |       |       |    14 |   121 |   128 |    17 ||   280
Dodge: Dodged            |    55 |    74 |   110 |   227 |   437 |    45 ||   948
Block: Buckler           |     7 |    13 |     5 |       |       |       ||    25
       Shield            |       |       |       |    21 |   759 |   106 ||   886
       Reflection        |       |       |       |       |    13 |     1 ||    14
       Rpst.: Falchion   |    13 |    18 |    21 |     1 |       |       ||    53
       Scimitar          |       |       |       |    50 |    63 |    11 ||   124

Table legend:
 A = Spawn XP
 B = Non-spawn XP
 C = Spawn XP percentage of total XP
 D = Spawn monster count
 E = Non-spawn monster count
 F = Spawn count percentage of total count
 G = Total turns spent on level
                    A         B        C        D         E        F      G
               +---------+---------+-------+---------+---------+-------+---------
         Total |       0 |  177111 |   0.0 |       0 |     861 |   0.0 | 26015
               +---------+---------+-------+---------+---------+-------+---------
           D:1 |       0 |      48 |   0.0 |       0 |      22 |   0.0 |  1029
           D:2 |       0 |      28 |   0.0 |       0 |      12 |   0.0 |   856
           D:3 |       0 |     185 |   0.0 |       0 |      39 |   0.0 |   837
           D:4 |       0 |    1062 |   0.0 |       0 |      20 |   0.0 |   988
           D:5 |       0 |     440 |   0.0 |       0 |      14 |   0.0 |   951
           D:6 |       0 |    1871 |   0.0 |       0 |      36 |   0.0 |  1071
           D:7 |       0 |     765 |   0.0 |       0 |      14 |   0.0 |   512
           D:8 |       0 |    3609 |   0.0 |       0 |      31 |   0.0 |   861
           D:9 |       0 |    3897 |   0.0 |       0 |      48 |   0.0 |  1271
          D:10 |       0 |    6823 |   0.0 |       0 |      44 |   0.0 |  1303
          D:11 |       0 |    2274 |   0.0 |       0 |      21 |   0.0 |   814
          D:12 |       0 |    1494 |   0.0 |       0 |      14 |   0.0 |   903
          D:13 |       0 |   17886 |   0.0 |       0 |      59 |   0.0 |  2043
          D:14 |       0 |   18810 |   0.0 |       0 |      48 |   0.0 |  2102
          D:15 |       0 |   20272 |   0.0 |       0 |      53 |   0.0 |   891
        Lair:1 |       0 |    3665 |   0.0 |       0 |      20 |   0.0 |   846
        Lair:2 |       0 |    9933 |   0.0 |       0 |      45 |   0.0 |  1108
        Lair:3 |       0 |    9202 |   0.0 |       0 |      37 |   0.0 |   996
        Lair:4 |       0 |    4644 |   0.0 |       0 |      32 |   0.0 |   967
        Lair:5 |       0 |   10405 |   0.0 |       0 |      28 |   0.0 |   737
        Lair:6 |       0 |   22605 |   0.0 |       0 |      74 |   0.0 |  2027
         Orc:1 |       0 |    3248 |   0.0 |       0 |      37 |   0.0 |   737
         Orc:2 |       0 |    8702 |   0.0 |       0 |      41 |   0.0 |   988
         Elf:1 |       0 |   12672 |   0.0 |       0 |      26 |   0.0 |   356
         IceCv |       0 |    7176 |   0.0 |       0 |      38 |   0.0 |   749
    Desolation |       0 |    5395 |   0.0 |       0 |       8 |   0.0 |    72
               +---------+---------+-------+---------+---------+-------+---------
